 Dungeon Crawl Stone Soup version 0.27-a0-1147-gb3d8e82157 (webtiles) character file.

Game seed: 13558631010666867930

169 Froggeryz the Cudgeller (level 5, -6/41 HPs)
             Began as a Demonspawn Chaos Knight on May 11, 2021.
             Was a Plaything of Xom.
             Mangled by a scorpion (8 damage)
             ... on level 3 of the Dungeon.
             The game lasted 00:04:19 (3590 turns).

Froggeryz the Cudgeller (Demonspawn Chaos Knight)   Turns: 3590, Time: 00:04:20

Health: -6/41      AC:  5    Str: 13    XL:     5   Next: 25%
Magic:  14/14      EV: 11    Int: 13    God:    Xom [..*...]
Gold:   129        SH:  0    Dex: 13    Spells: 4/4 levels left

rFire    . . .     SeeInvis .   i - +0 mace
rCold    . . .     Faith    .   (no shield)
rNeg     . . .     Spirit   .   b - +2 leather armour
rPois    .         Reflect  .   (no helmet)
rElec    .         Harm     .   (no cloak)
rCorr    .         Rampage  .   k - +1 pair of gloves
Will     .....                  (no boots)
Stlth    +.........             h - amulet of magic regeneration
HPRegen  0.13/turn              f - ring of magical power
MPRegen  0.39/turn              (no ring)

@: confused, lethally poisoned (-6 -> -13), ambrosia-drunk
A: hooves 1, demonic magic 1, deformed body
a: Renounce Religion


You were on level 3 of the Dungeon.
You worshipped Xom.
You were a toy of Xom.
You visited 1 branch of the dungeon, and saw 4 of its levels.

You collected 141 gold pieces.
You spent 12 gold pieces at shops.

Inventory:

Hand Weapons
 i - a +0 mace (weapon)
Missiles
 e - 7 poisoned darts (quivered)
Armour
 b - a +2 leather armour (worn)
 k - a +1 pair of gloves (worn)
Jewellery
 f - a ring of magical power (left hand)
 h - an amulet of magic regeneration (around neck)
Scrolls
 c - a scroll of identify
 g - 2 scrolls of teleportation
 j - a scroll of amnesia


   Skills:
 - Level 3.0 Fighting
 * Level 5.5 Maces & Flails
 - Level 1.7 Armour
 - Level 0.8 Dodging


You had 4 spell levels left.
You didn't know any spells.
Your spell library was empty.

Dungeon Overview and Level Annotations

Branches:
Dungeon (4/15)
 Temple: D:4-7

Altars:

Shops:
D:3 (*!*


Innate Abilities, Weirdness & Mutations

You have large cloven feet.
Spells you cast may paralyse adjacent enemies.
Armour fits poorly on your strangely shaped body.


Message History

You climb upwards.
Reactivating autopickup.
There is a stone staircase leading down here.
Something stings you but does no damage.
Deactivating autopickup; reactivate with Ctrl-A.
Something stings you.
* * * LOW HITPOINT WARNING * * *
Something stings you.
* * * LOW HITPOINT WARNING * * *
It was a potion of heal wounds.
You feel much better.
Xom roars with laughter!
Something stings you but does no damage.
You hit something. Something stings you.
You are poisoned.
Something poisons you!
You completely miss something.
You feel very sick. Something stings you. x2
You closely miss something. Your kick misses something.
You feel sick. Something stings you.
You hit something but do no damage. You kick something.
You feel sick.
Something stings you but does no damage. x2
You closely miss something. You kick something.
You feel sick. Something stings you!
* * * LOW HITPOINT WARNING * * *
You closely miss something.
You feel sick. Something stings you.
* * * LOW HITPOINT WARNING * * *
You are confused.
You feel invigorated.
You feel sick. Something stings you.
* * * LOW HITPOINT WARNING * * *
You feel sick.
You are no longer poisoned.
Something stings you.
* * * LOW HITPOINT WARNING * * *
You are lethally poisoned!
Something poisons you! Something stings you.
* * * LOW HITPOINT WARNING * * *
* * * LOW HITPOINT WARNING * * *
You feel sick. Something stings you!
You die...

#.#####
#.##.............†......#
..#
#.##..#..##.....#)##.##.#
###
#.##..#..##.†..##.##.....
#.................#####.#
#####.##.##.#..#### #.#
#..........# #.#
####.#####.### #.#
#####.###.....# #.#
#....@..#.....# #.#
#.#..{..#.....# #.#
#.#.....#.∩...# #.#
#.#..>..#.....# ###.#
#.#.....####### #...#
###.#...........# #.###
#.....#.#.#.#.#.## #.#
#.##.............###.#
#.##.#.#.#.#.#.#...#.#


There were no monsters in sight!

Vanquished Creatures
  An ogre (D:3)
  A hound skeleton (D:4)
  2 adders (D:2)
  3 dart slugs
  4 ball pythons
  6 endoplasms
  A giant cockroach (D:3)
  4 goblins
  2 hobgoblins (D:1)
  7 jackals
  6 kobolds
  2 quokkas (D:2)
  6 bats
  2 frilled lizards
  2 rats
49 creatures vanquished.

Notes
Turn   | Place    | Note
-------+----------+-------------------------------------------
     0 | D:1      | Froggeryz the Demonspawn Chaos Knight began the quest for
                  | the Orb.
     0 | D:1      | Reached XP level 1. HP: 18/18 MP: 1/1
    44 | D:1      | Reached skill level 3 in Maces & Flails
   215 | D:1      | XOM: silly message
   352 | D:1      | Found a faded altar of an unknown god.
   475 | D:1      | Gained mutation: Spells you cast may paralyse adjacent
                  | enemies. [demonic ancestry]
   475 | D:1      | Reached XP level 2. HP: 22/24 MP: 2/2
   790 | D:1      | XOM: silly message
  1074 | D:1      | XOM: silly message
  1490 | D:2      | XOM: scenery: 1 doors close
  1538 | D:2      | XOM: give mutation
  1538 | D:2      | Gained mutation: Armour fits poorly on your strangely
                  | shaped body. [Xom's mischief]
  1804 | D:2      | XOM: noise
  1818 | D:2      | Gained mutation: You have large cloven feet. [demonic
                  | ancestry]
  1818 | D:2      | Reached XP level 3. HP: 20/29 MP: 3/3
  2039 | D:2      | XOM: smoke on damage
  2043 | D:2      | Reached skill level 4 in Maces & Flails
  2298 | D:2      | XOM: polymorph jackal -> bat
  2796 | D:3      | XOM is BORED!
  2796 | D:3      | XOM: noise
  2876 | D:3      | Noticed an ogre
  2882 | D:3      | XOM: enchant monster (good)
  2884 | D:3      | XOM: enchant monster (good)
  2896 | D:3      | Killed an ogre
  2897 | D:3      | Reached skill level 5 in Maces & Flails
  2897 | D:3      | Reached XP level 4. HP: 34/35 MP: 4/4
  2897 | D:3      | Reached XP level 5. HP: 40/41 MP: 5/5
  2981 | D:3      | Found Joliocw's General Store.
  2984 | D:3      | Bought a potion of degeneration for 12 gold pieces
  2986 | D:3      | XOM: noise
  3025 | D:3      | Found Necsim's Distillery.
  3109 | D:3      | Found Zomet's Weapon Boutique.
  3111 | D:3      | Found Coetoor's Assorted Antiques.
  3219 | D:3      | XOM: chaos upgrade
  3261 | D:3      | XOM is BORED!
  3562 | D:4      | XOM: confuse monster(s)
  3569 | D:4      | XOM: enchant monster (bad)
  3589 | D:3      | HP: 1/41 [something (3)]
  3590 | D:3      | Mangled by a scorpion

Illustrated notes

Levels and vault maps discovered:
D:1:      dpeg_arrival_arbitrary_a, layout_basic,
          hellmonk_ecumenical_altar_lost_god, minmay_misc_feat_four_crosses
D:2:      layout_basic, chequers_serial_rivers_small_3,
          minmay_fractal_squares_gapless_5
D:3:      layout_loops_cross, serial_shops, nicolae_shop_stone, shop, shop,
          nicolae_shop_stone, minmay_misc_feat_pillars
D:4:      layout_loops_cross, lemuel_doored_altar, serial_bayou,
          serial_bayou_pond_e, serial_bayou_shore_b, serial_bayou_shore_a,
          serial_bayou_lagoon_b, serial_bayou_shore_b

Skill      XL: |  1  2  3 |
---------------+----------+-----
Maces & Flails | 3 5 |  5.5
Fighting       | |  3.0
Armour         | |  1.7
Dodging        | |  0.8

Action                   |  1- 3 |  4- 6 || total
-------------------------+-------+-------++-------
Melee: Mace              |   122 |    40 ||   162
       Kick              |     9 |     7 ||    16
Throw: Dart              |     2 |       ||     2
  Use: Scroll            |     4 |     4 ||     8
       Potion            |       |     2 ||     2
 Stab: Petrified         |     3 |       ||     3
       Confused          |       |     2 ||     2
       Sleeping          |       |     1 ||     1
Armor: Leather armour    |    48 |    14 ||    62
Dodge: Dodged            |    95 |    21 ||   116

Table legend: (Time is in decaauts)
 A = Elapsed time spent in this place.
 B = Non-inter-level travel time spent in this place.
 C = Inter-level travel time spent in this place.
 D = Time resting spent in this place.
 E = Time spent auto-exploring this place.
 F = Levels seen in this place.
 G = Mean time per level.
                   A        B        C        D        E       F      G
               +--------+--------+--------+--------+--------+-----+--------+
         Total |   3623 |   3463 |    160 |    165 |   2869 |   4 |  905.8 |
       Dungeon |   3623 |   3463 |    160 |    165 |   2869 |   4 |  905.8 |
               +--------+--------+--------+--------+--------+-----+--------+

Top non-repeatable levels by time:
     D:2: 1497 daAuts
     D:1: 1187 daAuts
     D:3: 916 daAuts
     D:4: 21 daAuts
